 Dungeon Crawl Stone Soup version 0.18.1-6-gd335043 (webtiles) character file.

144 Jerry the Slasher (level 4, -2/36 HPs)
             Began as a Demigod Skald on May 15, 2016.
             Slain by MirrMurr's ghost (4 damage)
             ... on level 4 of the Dungeon.
             The game lasted 00:11:27 (2980 turns).

Jerry the Slasher (Demigod Skald)                   Turns: 2980, Time: 00:11:27

Health: -2/36      AC: 14    Str: 21    XL:     4   Next: 77%
Magic:  9/9        EV: 13    Int: 16    God:
Gold:   191        SH:  0    Dex: 15    Spells: 1 memorised, 5 levels left

rFire  . . .     SeeInvis .     h - +1 short sword (protect)
rCold  . . .     Gourm    .     g - +0 scale mail
rNeg   . . .     Faith    .     (no shield)
rPois  .         Spirit   .     (no helmet)
rElec  .         Dismiss  .     (no cloak)
rCorr  .         Reflect  .     A - +0 pair of gloves
SustAt +         Harm     .     v - +0 pair of boots
MR     .....                    (no amulet)
Stlth  ..........               y - +4 ring of strength
                                j - +3 ring of evasion

@: not resistant to hostile enchantments, extremely unstealthy
A: high mp 1, sustain attributes
a: no special abilities


You were on level 4 of the Dungeon.
You were not hungry.

You visited 1 branch of the dungeon, and saw 4 of its levels.

You collected 191 gold pieces.

Inventory:

Hand Weapons
 a - a +0 falchion
 h - a +1 short sword of protection (weapon)
Armour
 b - a +0 leather armour
 g - a +0 scale mail (worn)
 v - a +0 pair of boots (worn)
 A - a +0 pair of gloves (worn)
Jewellery
 j - a +3 ring of evasion (left hand)
 n - an uncursed ring of wizardry
 y - a +4 ring of strength (right hand)
Wands
 t - a wand of digging (1/24)
Scrolls
 f - 5 scrolls of identify {unknown}
 k - 2 scrolls of amnesia {unknown}
 l - 3 scrolls of remove curse {unknown}
 o - a scroll of enchant armour {unknown}
 q - a scroll of noise {unknown}
 r - a scroll of recharging {unknown}
 w - a scroll of random uselessness {unknown}
 x - a scroll of enchant weapon {unknown}
Potions
 e - a potion of degeneration {unknown}
 i - 2 potions of resistance {unknown}
 m - a potion of curing {unknown}
 p - 2 potions of brilliance {unknown}
 u - a potion of heal wounds {unknown}
 z - a potion of agility {unknown}
Books
 c - a book of Battle

   Spells                             Type                      Level
   a - Infusion                       Charms                       1
   b - Shroud of Golubria             Charms/Translocation         2
   c - Song of Slaying                Charms                       2
   d - Spectral Weapon                Hexes/Charms                 3
   e - Regeneration                   Charms/Necromancy            3
Comestibles
 d - 3 bread rations
 s - a beef jerky
 B - a meat ration


   Skills:
 - Level 1.7 Fighting
 + Level 3.7 Long Blades
 + Level 3.0 Armour
 - Level 0.8 Dodging
 - Level 1.7 Spellcasting
 - Level 2.6 Charms


You had 5 spell levels left.
You knew the following spells:

 Your Spells              Type           Power        Failure   Level  Hunger
a - Infusion              Chrm           ##..         21%         1    ##.....


Dungeon Overview and Level Annotations

Branches:
Dungeon (4/15)
 Temple: D:4-7

Annotations:
D:4 Menkaure; MirrMurr's ghost, amateur SpEn


Innate Abilities, Weirdness & Mutations

You have an increased reservoir of magic (+10% MP).
Your attributes are resistant to harm.


Message History

You feel sick.
s - 2 beef jerkies (gained 1) Eat which item? (? for menu, Esc to quit)
You feel sick.
That beef jerky was delicious!
You start resting.
You feel sick. x8
You are no longer poisoned.
You start resting.
MirrMurr's ghost (amateur Spriggan Enchanter) comes into view.
It is wielding a weapon of flaming.
MirrMurr's ghost turns its malevolent gaze towards you.
You hear a shout!
MirrMurr's ghost casts a spell at you.
You fall asleep.
Menkaure mumbles some strange words.
Menkaure seems to speed up.
MirrMurr's ghost hits you!
You wake up.
* * * LOW HITPOINT WARNING * * *
MirrMurr's ghost burns you.
You die...

#.# ... ...
########
#......M
.#.....>##
.........##
.......W..#
#.....@#...#
#......###..#
.........
....
.#......##
##. #......#
#######. . #


You could see Menkaure and MirrMurr's ghost.

Vanquished Creatures
  A scorpion (D:4)
  3 adders
  3 worms
  A dart slug (D:2)
  A giant gecko (D:1)
  5 orcs (D:3)
  4 ball pythons
  5 bats
  3 giant cockroaches
  6 goblins
  6 hobgoblins
  A quokka (D:4)
  3 giant newts
  6 kobolds
  7 rats
55 creatures vanquished.

Notes
Turn   | Place    | Note
--------------------------------------------------------------
     0 | D:1      | Jerry the Demigod Skald began the quest for the Orb.
     0 | D:1      | Reached XP level 1. HP: 17/17 MP: 5/5
    21 | D:1      | Reached skill level 1 in Armour
   459 | D:1      | Reached XP level 2. HP: 24/24 MP: 7/7
  1055 | D:2      | Reached XP level 3. HP: 27/29 MP: 8/8
  1137 | D:2      | Found a faded altar to an unknown god.
  1551 | D:2      | Found an oddly glowing altar of Pakellas.
  2184 | D:3      | Found a white marble altar of Elyvilon.
  2197 | D:3      | Reached XP level 4. HP: 27/36 MP: 9/9
  2683 | D:4      | Noticed Menkaure
  2978 | D:4      | Noticed MirrMurr's ghost (amateur SpEn)
  2980 | D:4      | Slain by MirrMurr's ghost

Skill      XL: |  1  2  3  4 |
---------------+-------------+-----
Armour         | 1 2 3 |  3.0
Long Blades    | 2 3 |  3.7
Fighting       | |  1.7
Dodging        | |  0.8
Spellcasting   | |  1.7
Charms         | |  2.6

Action                   |  1- 3 |  4- 6 || total
-------------------------+-------+-------++-------
Melee: Short sword       |   185 |    37 ||   222
       Falchion          |     9 |       ||     9
  Eat: Chunk             |     4 |     1 ||     5
       Beef jerky        |       |     1 ||     1
Armor: Leather armour    |    22 |       ||    22
       Scale mail        |    50 |    15 ||    65
Dodge: Dodged            |   105 |    30 ||   135
